 Dungeon Sprint DCSS version 0.28-a0-691-gad6df49e81 (webtiles) character file.

Game seed: 10935013711559329417

431 jsc133 the Grappler (level 6, -11/71 HPs)
             Began as a Troll Berserker on Oct 20, 2021.
             Was a Believer of Trog.
             Mangled by Sonja (16 damage)
             ... in the Dungeon (Sprint I: "Red Sonja").
             The game lasted 00:01:59 (175 turns).

jsc133 the Grappler (Troll Berserker)                Turns: 175, Time: 00:02:01

Health: -11/71     AC:  5    Str: 28    XL:     6   Next: 67%
Magic:  5/5        EV: 11    Int:  3    God:    Trog [**....]
Gold:   161        SH:  0    Dex:  9    Spells: 5/5 levels left

rFire   . . .      SeeInvis .   j - +4 scythe (vamp)
rCold   . . .      Faith    .   (shield currently unavailable)
rNeg    . . .      Spirit   .   l - +1 robe of Aclumn {Harm}
rPois   .          Reflect  .   (helmet restricted)
rElec   .          Harm     +   (no cloak)
rCorr   .          Rampage  .   (gloves unavailable)
Will    .....      NoTele   +   (boots unavailable)
Stlth   +.........              (no amulet)
HPRegen 1.21/turn               (no ring)
MPRegen 0.09/turn               (no ring)

@: no status effects
A: large, unfitting armour, claws 3, regeneration 1, shaggy fur 1, tough skin 1
a: Renounce Religion, Berserk, Trog's Hand


You were in the Dungeon.
You worshipped Trog.
Trog was pleased with you.
You visited 1 branch You collected 297 gold pieces.
You spent 136 gold pieces at shops.

Inventory:

Hand Weapons
 j - a +4 vampiric scythe (weapon)
Armour
 a - a +0 animal skin
 l - the +1 robe of Aclumn (worn) {Harm}
   (You bought it in a shop in the Dungeon)

   Harm:      It increases damage dealt and taken.
Wands
 i - a wand of flame (13)
Scrolls
 g - a scroll of blinking
 k - a scroll of enchant armour {unknown}
Potions
 b - a potion of curing
 c - a potion of heal wounds
 d - 2 potions of haste
 e - 2 potions of magic
 f - a potion of berserk rage
 h - a potion of brilliance {unknown}


   Skills:
 + Level 7.6 Fighting
 + Level 1.2 Polearms
 + Level 7.3 Dodging
 + Level 8.6 Unarmed Combat


You had 5 spell levels left.
You didn't know any spells.
Your spell library was empty.

Dungeon Overview and Level Annotations

Branches:
Dungeon (1/1)

Altars:
Cheibriados
Dithmenos
Elyvilon
Fedhas
Gozag
Hepliaklqana
Kikubaaqudgha
Nemelex Xobeh
Okawaru
Qazlal
Ru
Sif Muna
Trog
Uskayaw
Vehumet
Wu Jian
Yredelemnul
Zin
The Shining One

Shops:
D [

Annotations:
D Sonja


Innate Abilities, Weirdness & Mutations

You are too large for most types of armour.
You have claws for hands.
Your natural rate of healing is unusually fast.
You are covered in fur. (AC +1)
You have tough skin. (AC +1)


Message History

You finish putting on the +1 robe of Aclumn {Harm}.
You see here a yak corpse.
There is an open door, spattered with blood here.
There is a shimmering blue altar of Sif Muna here.
There is a shimmering blue altar of Sif Muna here.
You open the door.
Found 135 gold pieces.
There is an open door here.
You now have 53 gold pieces (gained 27).
You now have 80 gold pieces (gained 27).
You now have 107 gold pieces (gained 27).
You now have 134 gold pieces (gained 27).
You now have 161 gold pieces (gained 27).
There is an open door here.
There is a radiant altar of Vehumet here.
You open the door.
Sonja, the Graceful Assassin comes into view.
She is wielding a +1 short sword of distortion and quivering curare-tipped darts.
Found 108 gold pieces.
There is an open door here.
You miss Sonja.
Sonja hits you with a +1 short sword of distortion!
Sonja hits you with a +1 short sword of distortion.
Space bends around you.
Sonja hits you with a +1 short sword of distortion.
Sonja hits you with a +1 short sword of distortion!
Space warps horribly around you!!
* * * LOW HITPOINT WARNING * * *
Sonja hits you with a +1 short sword of distortion.
* * * LOW HITPOINT WARNING * * *
Space bends around you.
* * * LOW HITPOINT WARNING * * *
Sonja barely misses you.
You miss Sonja.
Sonja hits you with a +1 short sword of distortion.
* * * LOW HITPOINT WARNING * * *
Sonja barely misses you.
Sonja hits you with a +1 short sword of distortion.
* * * LOW HITPOINT WARNING * * *
Space warps horribly around you!
You die...

#<.#..').#..'..#
#..').#..'[.#..+
#..#####'#####'#
#..####..#...#.#
#..#__####..##.#
#..#_____##'#_.+
#⌠⌠#_.∩..†'..._#
####_..__##_.#+#
#_____###@#
####### #K# $.$
#$.$# ##.## #+#


You could see Sonja.

Vanquished Creatures
  Sigmund (D)
  A yak (D)
  An ogre (D)
  A jelly (D)
  Ijyb (D)
5 creatures vanquished.

Notes
Turn   | Place    | Note
-------+----------+-------------------------------------------
     0 | D        | jsc133 the Troll Berserker began the quest for the Orb.
     0 | D        | Reached XP level 1. HP: 22/22 MP: 0/0
     4 | D        | Noticed Ijyb
    16 | D        | Killed Ijyb
    17 | D        | Reached skill level 4 in Unarmed Combat
    17 | D        | Reached XP level 2. HP: 21/32 MP: 1/1
    21 | D        | Noticed an ogre
    28 | D        | Killed an ogre
    29 | D        | Reached skill level 5 in Fighting
    29 | D        | Reached skill level 5 in Dodging
    29 | D        | Reached skill level 5 in Unarmed Combat
    29 | D        | Reached XP level 3. HP: 13/42 MP: 2/2
    29 | D        | Reached XP level 4. HP: 15/50 MP: 3/3
    61 | D        | Noticed Sigmund
    66 | D        | Killed Sigmund
    66 | D        | Reached ** piety under Trog
    67 | D        | Reached skill level 7 in Unarmed Combat
    67 | D        | Reached XP level 5. HP: 56/61 MP: 4/4
    86 | D        | Found an ornate altar of the Wu Jian Council.
    86 | D        | Found a shimmering blue altar of Sif Muna.
    88 | D        | Found a radiant altar of Vehumet.
    93 | D        | Reached XP level 6. HP: 44/68 MP: 5/5
   107 | D        | Found Sykh's Antique Armour Emporium.
   107 | D        | Found an ancient bone altar of Kikubaaqudgha.
   107 | D        | Found a hazy altar of Hepliaklqana.
   107 | D        | Found a stormy altar of Qazlal.
   107 | D        | Found a hide-covered altar of Uskayaw.
   107 | D        | Found a blossoming altar of Fedhas.
   107 | D        | Found a bloodstained altar of Trog.
   107 | D        | Found an iron altar of Okawaru.
   107 | D        | Found a basalt altar of Yredelemnul.
   107 | D        | Found a glowing golden altar of the Shining One.
   107 | D        | Found a snail-covered altar of Cheibriados.
   107 | D        | Found a sacrificial altar of Ru.
   107 | D        | Found a glowing silver altar of Zin.
   107 | D        | Found a shadowy altar of Dithmenos.
   107 | D        | Found a white marble altar of Elyvilon.
   107 | D        | Noticed a yak
   108 | D        | Found an opulent altar of Gozag.
   112 | D        | Killed a yak
   113 | D        | Reached skill level 1 in Polearms
   113 | D        | Reached skill level 8 in Unarmed Combat
   113 | D        | Found a sparkling altar of Nemelex Xobeh.
   131 | D        | Bought an ancient robe for 136 gold pieces
   131 | D        | Identified the +1 robe of Aclumn {Harm} (You bought it in a
                  | shop in the Dungeon)
   172 | D        | Noticed Sonja
   175 | D        | Mangled by Sonja

Illustrated notes

Levels and vault maps discovered:
D:        dungeon_sprint_1 [red_sonja_temple_1, red_sonja_temple_small_1]

Skill      XL: |  1  2  3  4  5  6 |
---------------+-------------------+-----
Fighting       | 3 5 6 7 |  7.6
Dodging        | 3 5 6 7 |  7.3
Unarmed Combat | 4 5 7 8 |  8.6
Polearms       | 1 |  1.2

Action                   |  1- 3 |  4- 6 || total
-------------------------+-------+-------++-------
Melee: Unarmed           |    15 |     4 ||    19
       Punch             |       |     1 ||     1
       Scythe            |       |     8 ||     8
Armor: Animal skin       |     1 |     2 ||     3
Dodge: Dodged            |     6 |     6 ||    12

Table legend: (Time is in decaauts)
 A = Elapsed time spent in this place.
 B = Non-inter-level travel time spent in this place.
 C = Inter-level travel time spent in this place.
 D = Time resting spent in this place.
 E = Time spent auto-exploring this place.
 F = Levels seen in this place.
 G = Mean time per level.
                   A        B        C        D        E       F      G
               +--------+--------+--------+--------+--------+-----+--------+
         Total |    180 |    180 |      0 |      0 |      0 |   1 |  180.0 |
       Dungeon |    180 |    180 |      0 |      0 |      0 |   1 |  180.0 |
               +--------+--------+--------+--------+--------+-----+--------+

Top non-repeatable levels by time:
       D: 180 daAuts
